 Dungeon Crawl Stone Soup version 0.16-a0-2944-g6f1bef2 (webtiles) character file.

232 Chiseanne the Magician (level 5, 0/24 HPs)
             Began as a Spriggan Wanderer on Dec 4, 2014.
             Killed by divine providence
             ... invoked by an orc priest
              (14 damage)
             ... on level 4 of the Dungeon.
             The game lasted 00:16:32 (5090 turns).

Chiseanne the Magician (Spriggan Wanderer)          Turns: 5090, Time: 00:16:32

Health: 0/24       AC:  3    Str: 10    XL:     5   Next: 73%
Magic:  7/20       EV: 16    Int: 14    God:
Gold:   160        SH:  0    Dex: 14    Spells: 4 memorised, 8 levels left

rFire  . . .     SeeInvis +     d - +0 dagger
rCold  + . .     Clarity  .     c - +1 robe
rNeg   . . .     SustAb   .     (shield restricted)
rPois  .         Gourm    .     (helmet restricted)
rElec  .         Spirit   .     (no cloak)
rCorr  .         Warding  .     (gloves unavailable)
rMut   .         Stasis   .     (boots unavailable)
MR     .....                    (no amulet)
Stlth  ++........               n - ring of loudness (curse)
                                l - ring of protection from cold

@: very slightly contaminated, very quick, not resistant to hostile
enchantments, unstealthy
A: unfitting armour, see invisible, herbivore 3, speed 3, slow metabolism 2
a: no special abilities


You were on level 4 of the Dungeon.
You were very full.

You visited 1 branch of the dungeon, and saw 4 of its levels.

You collected 160 gold pieces.

Inventory:

Hand weapons
 d - a +0 dagger (weapon)
 j - a +0 blowgun
Armour
 c - a +1 robe (worn)
Jewellery
 l - a ring of protection from cold (left hand)
 n - a cursed ring of loudness (right hand)
Scrolls
 e - a scroll of identify
 i - a scroll of blinking
Potions
 g - a potion of curing
 k - a potion of restore abilities {unknown}
 m - a potion of might
Books
 a - a book of Air

   Spells                             Type                      Level
   a - Shock                          Conjuration/Air              1
   b - Swiftness                      Charms/Air                   2
   c - Repel Missiles                 Charms/Air                   2
   d - Flight                         Charms/Air                   3
   e - Static Discharge               Conjuration/Air              3
   f - Lightning Bolt                 Conjuration/Air              5
 b - the Collected Works on Battle Magic

   Spells                             Type                      Level
   a - Throw Frost                    Conjuration/Ice              2
   b - Searing Ray                    Conjuration                  2
Comestibles
 f - 4 bread rations
 h - 5 fruits


   Skills:
 - Level 1.1 Throwing
 * Level 1.3 Dodging
 * Level 3.3 Stealth
 * Level 6.1 Spellcasting
   Level 3.6 Hexes
 * Level 3.6 Air Magic


You had 8 spell levels left.
You knew the following spells:

 Your Spells              Type           Power        Failure   Level  Hunger
a - Shock                 Conj/Air       #...         10%         1    None
b - Searing Ray           Conj           #.....       24%         2    #......
c - Static Discharge      Conj/Air       #.......     24%         3    ###....
d - Repel Missiles        Chrm/Air       #.....       14%         2    #......


Dungeon Overview and Level Annotations

Branches:
Dungeon (4/15)
 Temple: D:4-7

Altars:
Elyvilon
Fedhas
Qazlal
Sif Muna
Yredelemnul
Zin

Annotations:
D:3 exclusion: downstairs
D:4 runewalsh's ghost, experienced OpTm


Innate Abilities, Weirdness & Mutations

You are tiny and cannot use many weapons and most armour.
You have supernaturally acute eyesight.
You are a herbivore.
You cover ground extremely quickly.
You need consume almost no food.


Message History

Aim: an orc (almost dead)
You miscast Shock.
You hear a crackling sound.
Casting: Shock
Confirm with . or Enter, or press ? or * to list all spells.
Aiming: Shock
Press: ? - help, Shift-Dir - straight line, f/p - orc
Aim: an orc (almost dead)
The zap hits the orc.
You kill the orc!
Casting: Shock
Confirm with . or Enter, or press ? or * to list all spells.
Aiming: Shock
Press: ? - help, Shift-Dir - straight line, f - orc priest
Aim: an orc priest, wielding a hand axe You miscast Shock.
Nothing appears to happen.
The orc priest mumbles some strange prayers to Beogh against you.
Something smites you!
Ouch! That really hurt!
You die...

#.# #.# #.# #.# #.# #S#
####### ##.## #.#
#...... #.#.## #.#
##########.#### .###.##
#.######.............#
## ##.#
#........####(..#.##.##
.###.##
############......#...#
#.#.##
#.@.......o.).(o..o
##..#
#.######......#>..#
##)# #.# ##...#.#....
#.# #.# ##.##...... #.#
#.# ######....
#.###########.# ##...
#.............# #...
############### #...
####


You could see an orc priest.

Vanquished Creatures
  An iguana (D:4)
  7 adders
  4 gnolls (D:3)
  3 worms
  An adder skeleton (D:4)
  2 giant geckos (D:3)
  6 orcs (D:4)
  5 giant cockroaches
  11 goblins
  7 hobgoblins
  8 jackals
  6 kobolds
  7 bats
  3 giant newts
  23 rats
94 creatures vanquished.

Notes
Turn   | Place    | Note
--------------------------------------------------------------
     0 | D:1      | Chiseanne, the Spriggan Wanderer, began the quest for the Orb.
     0 | D:1      | Chiseanne set off with: a book of Air, the Collected Works on Battle Magic, a +0 robe, a +0 dagger, a bread ration
     0 | D:1      | Reached XP level 1. HP: 9/9 MP: 6/6
     0 | D:1      | Identified the Collected Works on Battle Magic
     2 | D:1      | Learned a level 1 spell: Shock
   305 | D:1      | Reached XP level 2. HP: 13/13 MP: 1/9
   479 | D:1      | Learned a level 2 spell: Repel Missiles
   500 | D:1      | Learned a level 2 spell: Searing Ray
   944 | D:1      | Reached XP level 3. HP: 14/16 MP: 0/13
  1185 | D:2      | Reached skill level 1 in Dodging
  1336 | D:2      | Reached skill level 5 in Spellcasting
  1706 | D:2      | Found a deep blue altar of Sif Muna.
  2121 | D:2      | Reached XP level 4. HP: 18/21 MP: 0/17
  2412 | D:2      | Found a stormy altar of Qazlal.
  2413 | D:2      | Found a white marble altar of Elyvilon.
  2551 | D:2      | Found a basalt altar of Yredelemnul.
  2762 | D:3      | Found a glowing silver altar of Zin.
  3685 | D:3      | Reached XP level 5. HP: 19/24 MP: 11/20
  3900 | D:4      | Found a blossoming altar of Fedhas.
  4129 | D:4      | Noticed runewalsh's ghost (experienced OpTm)
  4488 | D:3      | Reached skill level 6 in Spellcasting
  4727 | D:4      | Learned a level 3 spell: Static Discharge
  5090 | D:4      | Killed from afar by an orc priest

Action                   |  1- 3 |  4- 6 || total
-------------------------+-------+-------++-------
Melee: Dagger            |    19 |    25 ||    44
 Cast: Shock             |   145 |   219 ||   364
       Repel Missiles    |     1 |       ||     1
  Use: Scroll            |     4 |     5 ||     9
       Potion            |     3 |       ||     3
  Eat: Fruit             |       |     8 ||     8
